 Dungeon Crawl Stone Soup version 0.18-a0-921-g28655ce (webtiles) character file.

3086 st0uf the Carver (level 10, -1/120 HPs)
             Began as a Formicid Abyssal Knight on Dec 27, 2015.
             Was a Priest of Lugonu.
             Slain by an ogre
             ... wielding a +0 giant club
              (5 damage)
             ... on level 8 of the Dungeon.
             The game lasted 00:43:33 (10213 turns).

st0uf the Carver (Formicid Abyssal Knight)         Turns: 10213, Time: 00:43:33

Health: -1/120     AC: 25    Str: 22      XL:     10   Next: 12%
Magic:  11/11      EV:  2    Int: 14 (17) God:    Lugonu [***...]
Gold:   350        SH:  0    Dex: 10      Spells: 0 memorised, 9 levels left

rFire  + . .     SeeInvis .     a - +1 falchion
rCold  . . .     Gourm    .     (armour currently unavailable)
rNeg   + + +     Faith    .     (no shield)
rPois  +         Spirit   .     (helmet unavailable)
rElec  .         Dismiss  .     (cloak currently unavailable)
rCorr  .         Reflect  .     (gloves currently unavailable)
SustAt .         Harm     .     (boots currently unavailable)
MR     +....                    (no amulet)
Stlth  ++........               A - ring of wizardry
                                E - ring of Departure {rF+ Str+2}

@: brilliant, tree-form, somewhat resistant to hostile enchantments, unstealthy
A: permanent stasis, dig shafts and tunnels, four strong arms, (antennae 0)
a: Depart the Abyss, Bend Space, Banish, Renounce Religion


You were on level 8 of the Dungeon.
You worshipped Lugonu.
Lugonu was most pleased with you.
You were not hungry.
You were a tree.
You visited 1 branch of the dungeon, and saw 8 of its levels.
You visited the Abyss 1 time.

You collected 350 gold pieces.

Inventory:

Hand Weapons
 a - a +1 falchion (weapon)
Armour
 p - a +0 pair of boots (melded)
 z - a +3 ring mail of fire resistance (melded)
 K - a +0 pair of gloves (melded)
Jewellery
 i - an uncursed amulet of dismissal
 v - an uncursed ring of ice
 x - an uncursed ring of fire
 A - a ring of wizardry (right branch)
 E - the ring of Departure (left branch) {rF+ Str+2}
   (You found it on level 6 of the Dungeon)

   [ring of protection from fire]

   It affects your strength (+2).
   It protects you from fire.
Wands
 C - a wand of cold (6/15)
 F - a wand of lightning (6/15)
 O - a wand of disintegration (9/24)
Scrolls
 b - a scroll of noise {unknown}
 d - 2 scrolls of immolation {unknown}
 e - 2 scrolls of enchant armour
 k - 4 scrolls of identify
 m - 2 scrolls of random uselessness {unknown}
 q - 2 scrolls of fog {unknown}
 t - a scroll of blinking {unknown}
 u - a scroll of teleportation {unknown}
 w - a scroll of magic mapping {unknown}
 y - 4 scrolls of remove curse
 B - 4 scrolls of recharging {unknown}
 D - a scroll of amnesia {unknown}
 G - a scroll of torment {unknown}
 J - a scroll of fear {unknown}
 L - a scroll of brand weapon {unknown}
Potions
 h - 2 potions of curing
 j - 2 potions of brilliance
 l - 3 potions of lignification
 n - a potion of might
 r - a potion of haste {unknown}
 I - 2 potions of degeneration
 P - a potion of ambrosia {unknown}
Books
 M - a book of the Sky

   Spells                             Type                      Level
   a - Summon Lightning Spire         Summoning/Air                4
   b - Airstrike                      Air                          4
   c - Silence                        Hexes/Air                    5
   d - Deflect Missiles               Charms/Air                   6
   e - Conjure Ball Lightning         Conjuration/Air              6
   f - Tornado                        Air                          9
 N - a book of Enchantments

   Spells                             Type                      Level
   a - Cause Fear                     Hexes                        4
   b - Yara's Violent Unravelling     Hexes/Transmutation          5
   c - Silence                        Hexes/Air                    5
   d - Deflect Missiles               Charms/Air                   6
   e - Haste                          Charms                       6
   f - Discord                        Hexes                        8
Comestibles
 c - 10 bread rations
 f - 8 meat rations
 g - 2 beef jerkies
 o - 4 slices of pizza
 s - a royal jelly
 H - 3 fruits


   Skills:
 + Level 7.7 Fighting
 * Level 9.9 Long Blades
 + Level 7.3 Armour
 - Level 0.8 Dodging
 + Level 2.2 Stealth
 + Level 2.6 Invocations


You had 9 spell levels left.
You didn't know any spells.

Dungeon Overview and Level Annotations

Branches:
Dungeon (8/15)             Temple (0/1) D:6
   Lair: D:8-11

Altars:
Elyvilon
Trog
Xom
The Shining One

Shops:
D:4 (

Annotations:
D:4 JokEr's ghost, amateur FoFi
Abyss:1 Pikel


Innate Abilities, Weirdness & Mutations

You are under a permanent stasis effect.
You can dig through walls and to a lower floor.
Your four strong arms can wield two-handed weapons with a shield.
((You have a pair of large antennae on your head (SInv).))


Message History

There was something very wrong with that liquid.
You feel dopey.
The deep elf mage hits you but does no damage.
Drink which item? (? for menu, Esc to quit)
It was a potion of lignification.
You turn into a tree.
Your +0 pair of gloves melds into your body.
Your +0 pair of boots melds into your body.
Your +3 ring mail of fire resistance melds into your body.
You feel less resistant to fire.
Your roots penetrate the ground.
The deep elf mage hits you but does no damage.
You barely miss the deep elf mage.
The deep elf mage mumbles some strange words.
The deep elf mage blinks!
You hit the ogre.
The ogre is moderately wounded.
The ogre hits you but does no damage.
You hit the ogre.
The ogre is moderately wounded.
The ogre hits you with a giant club.
You die...

### ### ### ### ###
#O###(###.###.###)#
#.#♣#.#÷#†#.#.#.#.#.
#.###.###.###.###.###
#O#
#.#.#.#.#.#.#.#.#. ##
#.# #e###.# #.###.#
#.# #.#.#.#.#.#.#.#.
#.# #.# #.# #.# #.# #
#%# #.#
#.#.#.#.#.#.#. ## #.#
#.# #.# #.# #.# .# .#
.#.#.#.#.#.


You could see a deep elf mage and an ogre.

Vanquished Creatures
  A spriggan (D:7)
  A water moccasin (D:8)
  Duvessa (D:6)
  An orc warrior (D:8)
  A necrophage (D:8)
  An eye of draining (D:8)
  An ice beast (D:8)
  An ogre (D:6)
  2 centaurs
  A crocodile (D:5)
  3 giant frogs
  Dowan (D:6)
  2 scorpions
  A wyvern skeleton (D:8)
  A gnoll shaman (D:4)
  2 crimson imps
  2 orc priests
  A jelly (D:6)
  2 giant frog zombies
  4 hounds
  A centaur skeleton (D:6)
  Natasha (twice) (D:4)
  2 giant frog skeletons
  An orc wizard (D:6)
  3 iguanas
  7 worker ants
  11 adders
  9 gnolls
  An ooze (D:5)
  4 worms
  3 adder skeletons
  4 giant geckos
  27 orcs
  7 giant cockroaches
  5 goblins
  3 hobgoblins
  10 jackals
  10 kobolds
  2 quokkas (D:7)
  2 ball pythons
  2 bats (D:1)
  A giant cockroach zombie (D:5)
  A giant gecko skeleton (D:5)
  A giant newt (D:1)
  A quokka skeleton (D:4)
  2 quokka zombies (D:8)
  9 rats
161 creatures vanquished.

Vanquished Creatures (others)
  A cyclops (D:8)
  2 orc warriors
  A quokka (D:6)
4 creatures vanquished.

Grand Total: 165 creatures vanquished

Notes
Turn   | Place    | Note
--------------------------------------------------------------
     0 | Abyss:1  | st0uf the Formicid Abyssal Knight began the quest for the Orb.
     0 | Abyss:1  | Reached XP level 1. HP: 18/18 MP: 2/2
    61 | Abyss:1  | Noticed a thrashing horror
    64 | D:1      | Escaped the Abyss
   553 | D:1      | Reached XP level 2. HP: 9/24 MP: 3/3
   866 | D:1      | Reached * piety under Lugonu
  1097 | D:1      | Reached XP level 3. HP: 27/30 MP: 4/4
  1357 | D:2      | Reached skill level 4 in Fighting
  1552 | D:2      | Found a shimmering altar of Xom.
  1889 | D:2      | Found a glowing golden altar of the Shining One.
  2067 | D:3      | Reached XP level 4. HP: 17/37 MP: 5/5
  2550 | D:3      | Reached XP level 5. HP: 34/42 MP: 6/6
  2664 | D:3      | Reached ** piety under Lugonu
  2968 | D:4      | Found Utolet's Weapon Emporium.
  3106 | D:4      | Noticed Natasha
  3128 | D:4      | Killed Natasha
  3554 | D:4      | Reached XP level 6. HP: 44/49 MP: 7/7
  4664 | D:4      | Noticed Natasha
  4686 | D:4      | Killed Natasha
  4840 | D:4      | Noticed JokEr's ghost (amateur FoFi)
  5094 | D:5      | Entered Level 5 of the Dungeon
  5104 | D:5      | Reached skill level 5 in Fighting
  5104 | D:5      | Reached XP level 7. HP: 24/56 MP: 8/8
  5427 | D:5      | Reached skill level 5 in Long Blades
  5454 | D:5      | Noticed a moth of wrath
  5550 | D:5      | Reached skill level 5 in Armour
  5694 | D:5      | Found a bloodstained altar of Trog.
  5709 | D:5      | Reached *** piety under Lugonu
  6333 | D:5      | Reached XP level 8. HP: 35/64 MP: 9/9
  6769 | D:6      | Noticed Dowan
  6771 | D:6      | Noticed Duvessa
  6773 | D:5      | Reached skill level 6 in Long Blades
  6982 | D:6      | Found a staircase to the Ecumenical Temple.
  7103 | D:6      | Killed Duvessa
  7103 | D:6      | Reached skill level 1 in Stealth
  7129 | D:6      | Killed Dowan
  7476 | D:6      | Noticed Pikel
  7486 | D:6      | Banished Pikel
  7486 | D:6      | Reached skill level 7 in Long Blades
  7486 | D:6      | Reached XP level 9. HP: 69/71 MP: 10/10
  7589 | D:6      | Found a white marble altar of Elyvilon.
  7929 | D:6      | Got a clouded bronze ring
  7930 | D:6      | Identified the ring of Departure {rF+ Str+2} (You found it on level 6 of the Dungeon)
  8213 | D:7      | Reached skill level 8 in Long Blades
  9408 | D:8      | Reached **** piety under Lugonu
  9539 | D:8      | Reached skill level 9 in Long Blades
  9642 | D:8      | Noticed a cyclops
  9667 | D:8      | Banished a cyclops
  9840 | D:8      | Reached XP level 10. HP: 45/78 MP: 11/11
 10191 | D:8      | Noticed a deep elf mage
 10204 | D:8      | HP: 1/80 [orc warrior/dire flail (7)]
 10213 | D:8      | Slain by an ogre

Vault maps used:
D:1:      dpeg_arrival_pits
D:2:      kennysheep_big_flooded_room, overflow_temple_1_default,
          kennysheep_okawaru_gauntlet, tso_oasis_becter
D:4:      serial_shops, shop, first_bread, kennysheep_pointless_box,
          uniq_natasha
D:5:      tgw_trog
D:6:      elyvilon_altar_4, minmay_temple_entry_large_hall, st_stairs_9,
          hangedman_abyss_or_decor_lesser_grid, minmay_bad_closet, uniq_duvessa,
          uniq_pikel
D:7:      the_bakery
D:8:      minmay_imperfect_grid, uniq_erica
Abyss:1:  eino_small_chamber_without_monster

Action                   |  1- 3 |  4- 6 |  7- 9 | 10-12 || total
-------------------------+-------+-------+-------+-------++-------
Melee: Falchion          |    95 |   260 |   526 |    47 ||   928
Invok: Depart the Abyss  |     1 |       |       |       ||     1
       Banish            |       |       |     5 |       ||     5
 Abil: Dig               |       |       |     3 |       ||     3
  Use: Scroll            |       |       |     4 |       ||     4
       Potion            |       |       |       |     4 ||     4
 Stab: Sleeping          |     1 |       |       |     1 ||     2
  Eat: Chunk             |     4 |    10 |    15 |     2 ||    31
       Fruit             |       |       |     2 |       ||     2
